 Dungeon Crawl Stone Soup version 0.29.1-15-g9cfb28693d (console) character file.

Game seed: 4911076027791008546

12128 Goreval the Arsonist (level 11, 0/61 HPs)
             Began as a Deep Elf Fire Elementalist on Feb 24, 2023.
             Was a Priest of Vehumet.
             Slain by Amaemon
             ... wielding a +0 demon whip of venom
              (9 damage)
             ... on level 1 of the Lair of Beasts.
             The game lasted 00:54:04 (13712 turns).

Goreval the Arsonist (Deep Elf Fire Elementalist)  Turns: 13712, Time: 00:54:04

Health: 0/61       AC:  7    Str:  1    XL:     11   Next: 58%
Magic:  24/27      EV: 11    Int: 25    God:    Vehumet [***...]
Gold:   532        SH:  0    Dex: 15    Spells: 8/31 levels left

rFire   + . .      SeeInvis .   c - staff of conjuration
rCold   x . .      Faith    .   (no shield)
rNeg    . . .      Spirit   .   v - +0 troll leather armour {Pargi}
rPois   +          Reflect  .   P - +1 hat
rElec   .          Harm     .   J - +0 cloak
rCorr   .          Rampage  .   s - +0 pair of gloves
Will    +....                   (no boots)
Stlth   +++.......              L - amulet of magic regeneration
HPRegen 1.00/turn               f - ring "Voptu" {Fire rPois Str-4 Stlth+}
MPRegen 0.60/turn               i - ring of poison resistance

@: lethally poisoned (0 -> -2)
A: no striking features
a: Renounce Religion


You were on level 1 of the Lair of Beasts.
You worshipped Vehumet.
Vehumet was most pleased with you.
You visited 3 branches of the dungeon, and saw 14 of its levels.
You also visited: Sewer.

You collected 812 gold pieces.
You spent 280 gold pieces at shops.

Inventory:

Armour
 s - a +0 pair of gloves (worn)
 v - a +0 troll leather armour (worn) {Pargi}
 J - a +0 cloak (worn)
 M - a +0 kite shield
 P - a +1 hat (worn)
Magical Staves
 c - a staff of conjuration (weapon)
 w - a staff of air
Jewellery
 a - a ring of see invisible
 f - the ring "Voptu" (left hand) {Fire rPois Str-4 Stlth+}
   (You found it on level 11 of the Dungeon)

   [ring of fire]

   It enhances your fire magic.
   Str:       It affects your strength (-4).
   rF:        It protects you from fire.
   rC:        It makes you vulnerable to cold.
   rPois:     It protects you from poison.
   Stlth:     It makes you more stealthy.
 i - a ring of poison resistance (right hand)
 u - a ring of protection from cold
 B - an amulet of the acrobat
 L - an amulet of magic regeneration (around neck)
 N - a ring of protection from cold
 O - a +4 ring of protection
Wands
 F - a wand of iceblast (24)
 I - a wand of acid (7)
Scrolls
 g - 2 scrolls of amnesia {unknown}
 j - 2 scrolls of enchant armour {unknown}
 k - 4 scrolls of teleportation
 q - 2 scrolls of butterflies
 x - 2 scrolls of fear
 y - a scroll of silence {unknown}
 C - 4 scrolls of blinking
 D - 2 scrolls of vulnerability
 H - 3 scrolls of magic mapping {unknown}
Potions
 b - 4 potions of magic
 d - 3 potions of brilliance
 e - 2 potions of flight {unknown}
 h - 9 potions of curing
 l - 2 potions of lignification
 m - 2 potions of attraction
 n - a potion of experience {unknown}
 o - 4 potions of mutation
 p - 3 potions of heal wounds
 r - a potion of ambrosia {unknown}
 t - 4 potions of haste
 z - a potion of resistance {unknown}
 A - 3 potions of cancellation
 E - 4 potions of berserk rage
 G - a potion of degeneration {unknown}
 K - 3 potions of might


   Skills:
 - Level 4.0 Fighting
 + Level 7.0 Dodging
 - Level 2.4 Stealth
 + Level 10.6 Spellcasting
 + Level 9.8 Conjurations
 - Level 4.0 Transmutations
 + Level 10.7 Fire Magic
 + Level 3.4 Air Magic
 - Level 6.0 Earth Magic
 - Level 3.0 Evocations


You had 8 spell levels left.
You knew the following spells:

 Your Spells              Type           Power      Damage    Failure   Level
a - Foxfire               Conj/Fire      100%       2x1d9     1%          1
b - Scorch                Fire           100%       2d10      1%          2
c - Conjure Flame         Conj/Fire      98%        6-21      1%          3
d - Inner Flame           Hex/Fire       57%        N/A       1%          3
e - Flame Wave            Conj/Fire      98%        2d20      1%          4
f - Searing Ray           Conj           100%       2d8       1%          2
g - Stone Arrow           Conj/Erth      100%       3d13      1%          3
k - Swiftness             Air            30%        N/A       10%         3
p - Passwall              Tmut/Erth      31%        N/A       2%          2

Your spell library contained the following spells:

 Spells                   Type           Power      Damage    Failure   Level
 Dazzling Flash           Conj/Hex       100%       N/A       1%          3
 Shock                    Conj/Air       100%       1d9       1%          1
 Beastly Appendage        Tmut           66%        N/A       2%          1
 Freeze                   Ice            52%        1d7       3%          1
 Wereblood                Tmut           33%        N/A       3%          2
 Airstrike                Air            15%        2d(3-19)  9%          4
 Slow                     Hex            52%        N/A       13%         1
 Spider Form              Tmut/Pois      23%        N/A       17%         3
 Ensorcelled Hibernation  Hex/Ice        26%        N/A       21%         2
 Confusing Touch          Hex            13%        N/A       36%         3
 Tukima's Dance           Hex            13%        N/A       36%         3
 Vampiric Draining        Necr           13%        2d6       36%         3
 Yara's Violent Unravell  Hex/Tmut       11%        3d6       36%         5
 Passage of Golubria      Tloc           13%        N/A       78%         4
 Summon Forest            Summ/Tloc      6%         N/A       98%         5
 Summon Mana Viper        Hex/Summ       13%        N/A       98%         5
 Summon Cactus Giant      Summ           6%         N/A       100%        6


Dungeon Overview and Level Annotations

Branches:
Dungeon (12/15) Zot: 26255  Temple (1/1) D:6 Zot: 5632    Lair (1/5) D:10 Zot: 5992
    Orc (0/2) D:12          Sewer (visited)

Altars:
Ashenzari
Cheibriados
Dithmenos
Elyvilon
Fedhas
Gozag
Hepliaklqana
Kikubaaqudgha
Makhleb
Nemelex Xobeh
Okawaru
Qazlal
Ru
Sif Muna
Trog
Uskayaw
Vehumet
Wu Jian
Xom
Yredelemnul
Zin
The Shining One

Shops:
D:1 :([(   D:12 :

Portals:
Trove: D:12 (give 2 scrolls of acquirement)

Annotations:
D:12 exclusion: obsidian statue
Lair:1 Amaemon


Message History

The black mamba bites you but does no damage.
The black mamba bites you! The black mamba bites you.
Amaemon's eyes glow red.
There is a staircase back to the Dungeon, spattered with blood here.
Okay, then.
Okay, then.
You feel a strong surge of power!
A wave of flame ripples out!
The flame wave engulfs Amaemon!
The flame wave engulfs the black mamba!! (Press . to intensify the flame waves.)
The black mamba bites you!
You are poisoned.
The black mamba poisons you!
Amaemon casts a spell.
The black mamba closely misses you.
A wave of flame ripples out!
The flame wave engulfs Amaemon!!
The flame wave engulfs the scorpion!!
You kill the scorpion!
The scorpion's corpse disappears in a puff of smoke!
The flame wave engulfs the scorpion!
The flame wave engulfs the black mamba!
You kill the black mamba!
Vehumet accepts your kill.
You feel your power returning.
The flame wave engulfs the scorpion!
You feel very sick.
Amaemon casts a spell at the scorpion.
The scorpion seems to grow toxic.
The scorpion barely misses you.
Your Dodging skill increases to level 7!
A wave of flame ripples out!
The flame wave engulfs Amaemon!!
The flame wave engulfs the scorpion!
You kill the scorpion!
The scorpion's corpse disappears in a puff of smoke!
The flame wave engulfs the scorpion!
You kill the scorpion!
The scorpion's corpse disappears in a puff of smoke!
The flame wave engulfs the plant!!
The plant begins to die.
You finish channelling waves of flame.
You feel sick.
You hear a croak.
Amaemon hits you with a +0 demon whip of venom.
Amaemon claws you. Amaemon barely misses you.
You feel a surge of power!
Flames lash Amaemon.
Amaemon's fire resistance burns away.
You feel sick.
Amaemon hits you with a +0 demon whip of venom!
* * * LOW HITPOINT WARNING * * *
Amaemon claws you!
You die...

#... #...#
#....# #####
#.... .....
#....# ......
#....##......
#............
#...@.......
###6§...(...
#§###......
## P#P... #
###


You could see Amaemon (combustible).

Vanquished Creatures
  3 two-headed ogres
  Erica (D:8)
  Pikel (D:7)
  2 cyclopes
  A black mamba (Lair:1)
  An orange demon (D:10)
  A gargoyle (D:11)
  2 komodo dragons
  2 trolls
  2 hornets
  2 wraiths
  A spriggan (D:9)
  5 yaks (D:10)
  A steam dragon (D:7)
  5 vampire mosquitoes (D:12)
  3 acid dragons
  A water moccasin (D:7)
  Pargi (Sewer)
  An ice beast (D:8)
  2 sky beasts
  4 orc warriors
  A black bear (D:7)
  3 ogres
  2 centaurs
  4 lemures (D:7)
  3 phantoms
  2 kobold brigands
  2 bullfrogs (D:7)
  2 scorpions
  A gnoll sergeant (D:8)
  3 wights (D:8)
  11 killer bees
  4 howler monkeys
  6 hounds
  A jelly (D:5)
  10 orc priests
  Jessica (D:2)
  Terence (D:2)
  An iguana (D:5)
  Natasha (thrice) (D:2)
  8 orc wizards
  A mummy (D:5)
  12 gnolls
  14 adders
  3 shadow imps
  3 white imps
  An ufetubus (D:5)
  A worm (D:2)
  A dart slug (D:3)
  29 orcs
  4 bats
  4 endoplasms
  A giant cockroach (D:4)
  7 goblins
  7 hobgoblins
  14 kobolds
  5 quokkas
  13 ball pythons
  9 frilled lizards
  3 hobgoblin zombies (D:5)
  An orc zombie (D:5)
  7 rats
251 creatures vanquished.

Vanquished Creatures (collateral kills)
  2 foxfires
2 creatures vanquished.

Vanquished Creatures (others)
  907 foxfires
  8 plants
915 creatures vanquished.

Grand Total: 1168 creatures vanquished

Notes
Turn   | Place    | Note
-------+----------+-------------------------------------------
     0 | D:1      | Goreval the Deep Elf Fire Elementalist began the quest for
                  | the Orb.
     0 | D:1      | Reached XP level 1. HP: 10/10 MP: 6/6
    37 | D:1      | Found Bekyitog's Book Emporium.
   316 | D:1      | Found Fohemumn's Weapon Shoppe.
   354 | D:1      | Reached XP level 2. HP: 15/15 MP: 6/8
   357 | D:1      | Learned a level 2 spell: Scorch
   420 | D:1      | Found Walete's Weapon Boutique.
   643 | D:1      | Found Viuf's Antique Armour Emporium.
  1271 | D:2      | Noticed Terence
  1276 | D:2      | Killed Terence
  1277 | D:2      | Reached XP level 3. HP: 19/19 MP: 2/10
  1281 | D:2      | Learned a level 3 spell: Conjure Flame
  1285 | D:2      | Learned a level 3 spell: Inner Flame
  1583 | D:2      | Reached XP level 4. HP: 24/24 MP: 7/11
  1693 | D:2      | Noticed Jessica
  1696 | D:2      | Killed Jessica
  1866 | D:2      | Noticed Natasha
  1872 | D:2      | Killed Natasha
  2207 | D:2      | Noticed Natasha
  2216 | D:2      | Killed Natasha
  2217 | D:2      | Reached XP level 5. HP: 18/28 MP: 8/13
  2231 | D:2      | Noticed Natasha
  2237 | D:2      | Killed Natasha
  3213 | D:3      | Found an ancient bone altar of Kikubaaqudgha.
  3603 | D:3      | Found a faded altar of an unknown god.
  3612 | D:3      | Got Plato's Directory of Glaciation
  3699 | D:4      | Noticed an ogre
  3704 | D:3      | Reached skill level 5 in Fire Magic
  3818 | D:4      | Reached XP level 6. HP: 31/32 MP: 5/14
  3823 | D:4      | Learned a level 4 spell: Flame Wave
  4189 | D:4      | Found a glowing drain.
  4198 | Sewer    | Entered a sewer
  4488 | Sewer    | Noticed Pargi
  4493 | Sewer    | Killed Pargi
  4785 | D:4      | Reached skill level 5 in Spellcasting
  4785 | D:4      | Reached XP level 7. HP: 36/36 MP: 10/16
  5053 | D:4      | Reached skill level 5 in Conjurations
  5657 | D:3      | Found a shimmering altar of Xom.
  5731 | D:5      | Entered Level 5 of the Dungeon
  6225 | D:5      | Reached skill level 5 in Dodging
  6225 | D:5      | Reached XP level 8. HP: 41/41 MP: 12/18
  6635 | D:5      | Found a white marble altar of Elyvilon.
  6866 | D:6      | Found a staircase to the Ecumenical Temple.
  7412 | D:6      | Found a faded altar of an unknown god.
  7412 | D:6      | Found a faded altar of an unknown god.
  7412 | D:6      | Found a hazy altar of Hepliaklqana.
  7618 | Temple   | Entered the Ecumenical Temple
  7914 | Temple   | Became a worshipper of Vehumet
  8098 | D:7      | Reached skill level 1 in Evocations
  8427 | D:7      | Reached XP level 9. HP: 38/45 MP: 16/21
  8483 | D:7      | Found a blossoming altar of Fedhas.
  8494 | D:7      | Noticed Pikel
  8504 | D:7      | HP: 1/45 [Pikel/+1 whip of electrocution (9)]
  8509 | D:7      | Killed Pikel
  8814 | D:1      | Bought a book of Burglary for 280 gold pieces
  8817 | D:1      | Learned a level 2 spell: Passwall
  8821 | D:1      | Learned a level 3 spell: Swiftness
  8993 | D:7      | Found an iron altar of Okawaru.
  9141 | D:7      | Reached skill level 1 in Earth Magic
  9169 | D:7      | Reached skill level 1 in Fighting
  9324 | D:8      | Reached * piety under Vehumet
  9324 | D:8      | Offered knowledge of Magic Dart by Vehumet.
  9445 | D:8      | Noticed Erica
  9529 | D:8      | Killed Erica
  9530 | D:8      | Reached XP level 10. HP: 45/53 MP: 17/24
  9878 | D:8      | Paralysed by a hornet for 1 turns
 10095 | D:9      | Noticed a two-headed ogre
 10105 | D:9      | Killed a two-headed ogre
 10106 | D:9      | Reached skill level 5 in Earth Magic
 10141 | D:9      | Reached ** piety under Vehumet
 10141 | D:9      | Offered knowledge of Searing Ray by Vehumet.
 10161 | D:9      | Learned a level 2 spell: Searing Ray
 10774 | D:10     | Entered Level 10 of the Dungeon
 10971 | D:10     | Reached skill level 1 in Transmutations
 10973 | D:10     | Offered knowledge of Stone Arrow by Vehumet.
 11065 | D:10     | Noticed a two-headed ogre
 11075 | D:10     | Killed a two-headed ogre
 11076 | D:10     | Reached skill level 10 in Fire Magic
 11076 | D:10     | Reached XP level 11. HP: 60/60 MP: 19/26
 11149 | D:10     | Found a staircase to the Lair.
 12092 | D:11     | Reached *** piety under Vehumet
 12192 | D:11     | Reached skill level 10 in Spellcasting
 12196 | D:11     | Learned a level 3 spell: Stone Arrow
 12243 | D:11     | Identified the ring "Voptu" {Fire rPois Str-4 Stlth+}
 12503 | D:11     | Reached skill level 1 in Air Magic
 12614 | D:11     | Noticed a two-headed ogre
 12708 | D:11     | Killed a two-headed ogre
 12964 | D:12     | Found a staircase to the Orcish Mines.
 12975 | D:12     | Noticed an obsidian statue
 13212 | D:12     | Found Ywkope's Book Shop.
 13267 | D:12     | Found a portal to a secret trove of treasure.
 13438 | D:12     | Offered knowledge of Dazzling Flash by Vehumet.
 13689 | Lair:1   | Entered Level 1 of the Lair of Beasts
 13689 | Lair:1   | Noticed Amaemon
 13712 | Lair:1   | Slain by Amaemon

Illustrated notes

Levels and vault maps discovered:
D:1:      lightli_arrival_statuegarden, layout_basic, serial_shops,
          nicolae_shop_advertising_works [nicolae_subvault_shop_adworks], shop,
          nicolae_shop_waterfront, shop
D:2:      layout_loops_ring, uniq_natasha, uniq_jessica, uniq_terence
D:3:      layout_basic, mainiacjoe_overflow_cross_hatched,
          nicolae_overflow_hidden_temple, shapermc_ecumenical_altar_rom_forum
D:4:      layout_basic, portal_sewer_entry_d
D:5:      layout_rooms, nicolae_elyvilon_temple_path, dreamdust_wishing_well,
          minmay_mini_ossuary
D:6:      layout_basic, nicolae_hepliaklqana_ecumenical_no_more,
          minmay_temple_entry_overgrown
D:7:      layout_gridville, okawaru_ov_weapons_minmay, lemuel_crystal_altar,
          sigmund_army, uniq_pikel
D:8:      layout_rooms, kennysheep_big_empty_room, uniq_erica
D:9:      layout_loops_ring, serial_glass, glass_columns_c, glass_columns_a,
          feat_on_display, due_unseen_surprise, the_hattery
D:10:     layout_gridville, david_lair_shrubbed, minmay_misc_feat_pillars
D:11:     layout_stronghold
D:12:     layout_cave_pools, orc_0_dummy, serial_shops, shop,
          nicolae_trove_entry_diagonal, minmay_statue_bubble
Temple:   minmay_temple_bridge_d
Lair:1:   layout_misc_corridors, enter_volcano_2, serial_bayou_shore_a,
          uniq_amaemon

Skill      XL: |  1  2  3  4  5  6  7  8  9 10 11 |
---------------+----------------------------------+-----
Conjurations   | 2 3 4 5 7 8 9 |  9.8
Dodging        | 3 4 5 6 7 |  7.0
Fire Magic     | 4 5 6 7 9 10 | 10.7
Spellcasting   | 4 5 6 8 9 10 | 10.6
Evocations     | 2 3 |  3.0
Earth Magic    | 4 6 |  6.0
Fighting       | 2 3 4 |  4.0
Transmutations | 3 4 |  4.0
Air Magic      | 3 |  3.4
Stealth        | |  2.4

Action                   |  1- 3 |  4- 6 |  7- 9 | 10-12 || total
-------------------------+-------+-------+-------+-------++-------
Melee: Staff             |     2 |     7 |    15 |     6 ||    30
 Cast: Foxfire           |    70 |   113 |   178 |   188 ||   549
       Scorch            |     1 |    25 |    63 |    94 ||   183
       Conjure Flame     |       |       |     4 |    11 ||    15
       Flame Wave        |       |       |     4 |     4 ||     8
       Passwall          |       |       |     2 |     2 ||     4
       Inner Flame       |       |       |     1 |       ||     1
       Searing Ray       |       |       |       |     4 ||     4
       Swiftness         |       |       |       |     1 ||     1
  Use: Scroll            |       |       |     7 |     7 ||    14
       Potion            |       |       |     2 |       ||     2
Armor: Robe              |     1 |     2 |       |       ||     3
       Troll leather arm |       |       |    14 |    22 ||    36
Dodge: Dodged            |     3 |    30 |    48 |    60 ||   141
